 Dungeon Crawl Stone Soup version 0.30-a0-718-geaa24f58ff (webtiles) character file.

Game seed: 14554667730443817606

102 funkygono the Firebug (level 4, 0/24 HPs)
             Began as a Gargoyle Fire Elementalist on Jan 25, 2023.
             Slain by an orc wizard
             ... wielding a +0 dagger
              (2 damage)
             ... on level 2 of the Dungeon.
             The game lasted 00:03:22 (1751 turns).

funkygono the Firebug (Gargoyle Fire Elementalist)  Turns: 1751, Time: 00:03:22

Health: 0/24       AC:  6    Str: 12    XL:     4   Next: 78%
Magic:  1/8        EV: 12    Int: 17    God:
Gold:   51         SH:  0    Dex: 10    Spells: 3/9 levels left

rFire   . . .      SeeInvis .    o - +0 whip
rCold   . . .      Faith    .    (no shield)
rNeg    + . .      Spirit   .    a - +0 robe
rPois   ∞          Reflect  .    k - +0 helmet
rElec   +          Harm     .    (no cloak)
rCorr   .          Rampage  .    (no gloves)
Will    .....                    (no boots)
Stlth   ++                       (no amulet)
HPRegen 0.24/turn                (no ring)
MPRegen 0.11/turn                (no ring)

@: no status effects
A: sickness immunity, AC +3, negative energy resistance 1, electricity
resistance, torment resistance 1, petrification resistance
a: no special abilities


You were on level 2 of the Dungeon.
You visited 1 branch of the dungeon, and saw 2 of its levels.

You collected 51 gold pieces.

Inventory:

Hand Weapons
 o - a +0 whip (weapon)
Missiles
 f - a throwing net
Armour
 a - a +0 robe (worn)
 k - a +0 helmet (worn)
Scrolls
 c - a scroll of fog {unknown}
 g - a scroll of acquirement {unknown}
 l - 2 scrolls of amnesia {unknown}
 n - a scroll of identify {unknown}
Potions
 e - a potion of curing {unknown}
 h - a potion of heal wounds {unknown}
 i - a potion of lignification {unknown}
 j - a potion of cancellation {unknown}
 m - a potion of attraction {unknown}


   Skills:
 + Level 0.6 Fighting
 + Level 2.0 Dodging
 - Level 2.1 Stealth
 + Level 3.0 Spellcasting
 + Level 2.0 Conjurations
 + Level 4.0 Fire Magic


You had 3 spell levels left.
You knew the following spells:

 Your Spells              Type           Power      Damage    Failure   Level
a - Foxfire               Conj/Fire      48%        2x1d6     4%          1
b - Scorch                Fire           32%        2d6       4%          2
c - Kindle Blastsparks    Fire/Tloc/Air  14%        2d11      30%         3

Your spell library contained the following spells:

 Spells                   Type           Power      Damage    Failure   Level
 Inner Flame              Hex/Fire       9%         N/A       22%         3
 Wereblood                Tmut           2%         N/A       26%         2
 Flame Wave               Conj/Fire      12%        2d6       45%         4
 Summon Hydra             Summ           1%         N/A       100%        7
 Sublimation of Blood     Necr           Unusable   N/A       N/A         2

Dungeon Overview and Level Annotations

Branches:
Dungeon (2/15)

Altars:


Innate Abilities, Weirdness & Mutations

You are immune to sickness and miasma.
Your stone body is resilient. (AC +3)
You are immune to poison.
You resist negative energy. (rN+)
You are resistant to electric shocks. (rElec)
You are resistant to unholy torment.
You are immune to petrification.


Message History

* * * LOW HITPOINT WARNING * * *
Magic courses through your body. The orc hits you but does no damage.
The orc priest closely misses you.
The orc wizard mumbles some strange words.
The orc wizard flickers and vanishes!
Deactivating autopickup; reactivate with Ctrl-A.
Casting: Foxfire (safe; 5% risk of failure)
Confirm with . or Enter, or press ? or * to list all spells.
Flames lash the orc priest.
The orc priest is heavily wounded.
The orc priest's fire resistance burns away.
The orc closely misses you. The orc priest barely misses you.
Casting: Scorch (safe; 5% risk of failure)
Confirm with . or Enter, or press ? or * to list all spells.
Flames lash the orc.
You kill the orc!
The orc priest misses you.
Casting: Scorch (safe; 5% risk of failure)
Confirm with . or Enter, or press ? or * to list all spells.
Flames lash the orc priest.
The orc priest is burned terribly!
You kill the orc priest!
Something hits you.
* * * LOW HITPOINT WARNING * * *
Your Dodging skill increases to level 2!
Your Spellcasting skill increases to level 3!
Your Conjurations skill increases to level 2!
Your Fire Magic skill increases to level 4!
Casting: Scorch (safe; 4% risk of failure)
Confirm with . or Enter, or press ? or * to list all spells.
You can't see any susceptible monsters within range! (Use Z to cast anyway.)
Casting: Scorch (safe; 4% risk of failure)
Confirm with . or Enter, or press ? or * to list all spells.
You conjure some foxfire!
Something hits you but does no damage.
Casting: Foxfire (safe; 4% risk of failure)
Confirm with . or Enter, or press ? or * to list all spells.
Nothing appears to happen.
The foxfire hits something.
Something hits you but does no damage.
Unknown command.
The foxfire hits something.
Something hits you.
You die...

#### #####....
#....$. #....#
#.)..# #{@..#
#.###.# ####§#
#...)# #.
#.##.#### #. #
#....# #..
#....# #†# #..
#....####. #.#
#.####.........


There were no monsters in sight!

Vanquished Creatures
  An orc priest (D:2)
  A worm (D:2)
  A dart slug (D:2)
  3 orcs (D:2)
  8 endoplasms
  3 giant cockroaches
  4 goblins
  7 hobgoblins
  10 jackals
  3 kobolds
  A quokka (D:1)
  4 ball pythons
  2 bats (D:1)
  2 frilled lizards (D:1)
  6 rats
  A spectral kobold (D:1)
57 creatures vanquished.

Vanquished Creatures (others)
  147 foxfires
147 creatures vanquished.

Grand Total: 204 creatures vanquished

Notes
Turn   | Place    | Note
-------+----------+-------------------------------------------
     0 | D:1      | funkygono the Gargoyle Fire Elementalist began the quest
                  | for the Orb.
     0 | D:1      | Reached XP level 1. HP: 10/10 MP: 3/3
    57 | D:1      | Found a faded altar of an unknown god.
   169 | D:1      | Reached XP level 2. HP: 15/15 MP: 3/5
   172 | D:1      | Learned a level 2 spell: Scorch
   364 | D:1      | Reached XP level 3. HP: 19/19 MP: 2/6
   368 | D:1      | Learned a level 3 spell: Kindle Blastsparks
  1506 | D:2      | Reached XP level 4. HP: 15/24 MP: 0/7
  1748 | D:2      | HP: 1/24 [something (3)]
  1749 | D:2      | Reached skill level 4 in Fire Magic
  1751 | D:2      | Slain by an orc wizard

Illustrated notes

Levels and vault maps discovered:
D:1:      erik_arrival_orb_chamber, layout_basic,
          dreamdust_ecumenical_altar_drowned_temple, minmay_tree_intersection
D:2:      layout_rooms, glass_columns_a, minivault_24,
          nicolae_figureground_pulse

Skill      XL: |  1  2  3  4 |
---------------+-------------+-----
Dodging        | 2 |  2.0
Spellcasting   | 3 |  3.0
Conjurations   | 2 |  2.0
Fire Magic     | 4 |  4.0
Fighting       | |  0.6
Stealth        | |  2.1

Action                     |  1- 3 |  4- 6 || total
---------------------------+-------+-------++-------
  Melee: Club              |     2 |     5 ||     7
         Whip              |       |     1 ||     1
   Cast: Foxfire           |    71 |    18 ||    89
         Scorch            |     2 |     3 ||     5
    Use: Potion            |       |     1 ||     1
 Armour: Robe              |    11 |    13 ||    24
  Dodge: Dodged            |    25 |    22 ||    47

Table legend: (Time is in decaauts)
 A = Elapsed time spent in this place.
 B = Non-inter-level travel time spent in this place.
 C = Inter-level travel time spent in this place.
 D = Time resting spent in this place.
 E = Time spent auto-exploring this place.
 F = Levels seen in this place.
 G = Mean time per level.
                   A        B        C        D        E       F      G
               +--------+--------+--------+--------+--------+-----+--------+
         Total |   1760 |   1737 |     23 |     42 |   1291 |   2 |  880.0 |
       Dungeon |   1760 |   1737 |     23 |     42 |   1291 |   2 |  880.0 |
               +--------+--------+--------+--------+--------+-----+--------+

Top non-repeatable levels by time:
     D:1: 1216 daAuts
     D:2: 544 daAuts
